 Dungeon Crawl Stone Soup version 0.29-a0-721-g7f417c9bbb (webtiles) character file.

Game seed: 8339501659703563203

3 xian the Cutter (level 1, -2/13 HPs)
             Began as a Demonspawn Wanderer on June 28, 2022.
             Slain by a kobold
             ... wielding a +2 short sword of speed
              (7 damage)
             ... on level 1 of the Dungeon.
             The game lasted 00:01:15 (149 turns).

xian the Cutter (Demonspawn Wanderer)                Turns: 149, Time: 00:01:15

Health: -2/13      AC:  3    Str: 11    XL:     1   Next: 41%
Magic:  3/3        EV: 11    Int: 14    God:
Gold:   26         SH:  0    Dex: 12    Spells: 3/4 levels left

rFire   . . .      SeeInvis .   a - +0 rapier
rCold   . . .      Faith    .   (no shield)
rNeg    . . .      Spirit   .   d - +0 robe
rPois   .          Reflect  .   (no helmet)
rElec   .          Harm     .   (no cloak)
rCorr   .          Rampage  .   (no gloves)
Will    .....                   b - +0 pair of boots
Stlth   ++........              (no amulet)
HPRegen 0.04/turn               (no ring)
MPRegen 0.08/turn               (no ring)

@: no status effects
A: no striking features
a: no special abilities


You were on level 1 of the Dungeon.
You visited 1 branch of the dungeon, and saw 1 of its levels.

You collected 26 gold pieces.

Inventory:

Hand Weapons
 a - a +0 rapier (weapon)
Missiles
 e - 6 stones
Armour
 b - a +0 pair of boots (worn)
 d - a +0 robe (worn)
Potions
 c - a potion of might


   Skills:
 + Level 2.9 Short Blades
 + Level 1.0 Throwing
 + Level 1.7 Stealth
 + Level 2.0 Spellcasting
 + Level 1.7 Earth Magic


You had 3 spell levels left.
You knew the following spells:

 Your Spells              Type           Power      Damage    Failure   Level
a - Sandblast             Erth           12%        2d6       12%         1

Your spell library contained the following spells:

 Spells                   Type           Power      Damage    Failure   Level
 Passwall                 Tmut/Erth      2%         N/A       26%         2
 Ensorcelled Hibernation  Hex/Ice        2%         N/A       34%         2
 Stone Arrow              Conj/Erth      6%         3d7       45%         3
 Swiftness                Air            1%         N/A       56%         3


Dungeon Overview and Level Annotations

Branches:
Dungeon (1/15)

Altars:


Message History

There is an open door here.
You now have 16 gold pieces.
You pick up a book of Burglary and begin reading...
You add the spells Passwall, Ensorcelled Hibernation and Swiftness to your library.
There is an open door here.
You see here 6 stones.
e - 6 stones
Found a stone staircase leading down.
A frilled lizard comes into view.
Found 10 gold pieces.
The frilled lizard hisses angrily.
You can't see any susceptible monsters within range! (Use Z to cast anyway.)
The blast of sand hits the frilled lizard!
You kill the frilled lizard!
You see here a frilled lizard corpse.
You now have 26 gold pieces (gained 10).
Found a stone staircase leading down.
Okay, then.
There is a stone staircase leading down here.
A dart slug comes into view.
You can't see any susceptible monsters within range! (Use Z to cast anyway.)
You can't see any susceptible monsters within range! (Use Z to cast anyway.)
You hit the dart slug.
The dart slug is heavily wounded.
The dart slug launches a dart at you. The slug dart hits you.
You puncture the dart slug!
You kill the dart slug!
Found a stone staircase leading down.
A kobold comes into view.
It is wielding a +2 short sword of speed.
The kobold shouts!
The kobold hits you with a +2 short sword of speed.
You completely miss the kobold.
The kobold hits you with a +2 short sword of speed.
You hit the kobold.
The kobold is moderately wounded.
The kobold hits you but does no damage.
The kobold hits you with a +2 short sword of speed!
Ouch! That really hurt!
You die...

##########
#........#
#########
#........#
#....>..#
#..>..K..#
#.#####.#
#.....@..# #.# #.#
#........# #.# #..
#........# #.# ###
######..## #.#
#..### #.#
##...#####.#######
#.......#..#.....
##.####.#........
#.# #..........


You could see a kobold.

Vanquished Creatures
  A dart slug (D:1)
  A frilled lizard (D:1)
2 creatures vanquished.

Notes
Turn   | Place    | Note
-------+----------+-------------------------------------------
     0 | D:1      | xian the Demonspawn Wanderer began the quest for the Orb.
     0 | D:1      | xian set off with the following items: a +0 rapier, a +0
                  | pair of boots, a potion of might, a +0 robe; and the
                  | following spell memorised: Sandblast; and the following
                  | spells available to memorise: Stone Arrow.
     0 | D:1      | Reached XP level 1. HP: 13/13 MP: 3/3
   149 | D:1      | Slain by a kobold

Illustrated notes

Levels and vault maps discovered:
D:1:      nicolae_arrival_somewhat_less_tricky_arrival, layout_rooms,
          hellmonk_ecumenical_altar_run_dry

Action                   || total
-------------------------++-------
Melee: Rapier            ||     4
 Cast: Sandblast         ||     1
Armor: Robe              ||     1

Table legend: (Time is in decaauts)
 A = Elapsed time spent in this place.
 B = Non-inter-level travel time spent in this place.
 C = Inter-level travel time spent in this place.
 D = Time resting spent in this place.
 E = Time spent auto-exploring this place.
 F = Levels seen in this place.
 G = Mean time per level.
                   A        B        C        D        E       F      G
               +--------+--------+--------+--------+--------+-----+--------+
         Total |    150 |    138 |     12 |      0 |     97 |   1 |  150.0 |
       Dungeon |    150 |    138 |     12 |      0 |     97 |   1 |  150.0 |
               +--------+--------+--------+--------+--------+-----+--------+

Top non-repeatable levels by time:
     D:1: 150 daAuts
